AoeStats
← SuckinFahts

Arabia

504904397Analyzed
1v1 RM · 26d ago on Sep 7, 2026· 25m 18s· 2 players
Game mode
Random Map
Map size
Tiny (2 player)
Population
200
Speed
Normal
Resources
Standard
Victory
Conquest
Starting age
Dark Age
Ending age
Imperial Age
RankedLock teamsTeams togetherTeam positionsShared explorationLock speedFull tech treeHidden civsTurbo modeCheats
Victory
Defeat
🇦🇷 Wu · Argentina
899
+17
🇺🇸 Vietnamese · United States
919
-17
soyemasoto
2:19 Loom
9:41 Feudal Age
12:23 Double-Bit Axe
14:07 Gold Mining
15:10 Town Watch
15:30 Fletching
15:40 Padded Archer Armor
16:04 Padded Archer Armor
21:07 Castle Age
SuckinFahts
3:30 Loom
10:44 Feudal Age
11:24 Double-Bit Axe
11:21 Horse Collar
13:40 Wheelbarrow
15:24 Town Watch
18:17 Fletching
18:38 Forging
23:15 Castle Age
21:45 Gold Mining
Connection lost

Rejoining the realm…

Still unreachable

The connection could not be restored.

Session expired

The server has moved on; the page needs a fresh start.